 Dungeon Crawl Stone Soup version 0.16-a0-269-gd5b6136 (webtiles) character file.

11408 Johnny the Thaumaturge (level 11, -3/75 (79) HPs)
             Began as a Demigod Air Elementalist on Aug 26, 2014.
             Engulfed by a cloud of flame (7 damage)
             ... on Level 11 of the Dungeon.
             The game lasted 02:04:17 (18214 turns).

Johnny the Thaumaturge (Demigod Air Elementalist)  Turns: 18214, Time: 02:04:18

HP  -3/75 (79)   AC 12     Str 13      XL: 11   Next: 25%
MP   0/30        EV  8     Int 22      God:
Gold 325         SH  0     Dex 19      Spells:  9 memorised,  0 levels left

rFire  + . .     SeeInvis .     J - +3 flail (protect)
rCold  + . .     Clarity  .     y - +2 robe {rC+}
rNeg   . . .     rCorr    +     (no shield)
rPois  .         rRot     .     C - +0 helmet
rElec  .         Spirit   .     (no cloak)
SustAb .         Warding  .     m - +0 pair of gloves
rMut   .         Stasis   .     w - +0 pair of boots
Gourm  .                        h - amulet of resist corrosion
MR     +....                    z - ring of wizardry
                                s - ring of protection from fire

@: flying, held, somewhat resistant to hostile enchantments, fairly stealthy
A: spit poison 1
a: Spit Poison


You were on level 11 of the Dungeon.
You were not hungry.

You visited 1 branch of the dungeon, and saw 11 of its levels.

You collected 547 gold pieces.
You spent 222 gold pieces at shops.

Inventory:

Hand weapons
 c - a +1 short sword of holy wrath
 d - a +1 vampiric hand axe
 p - a +1 scimitar of holy wrath
 q - a +3 hand axe of freezing
 t - a +1 falchion of holy wrath
 x - a +1 antimagic dagger
 J - a +3 flail of protection (weapon)
Armour
 m - a +0 pair of gloves (worn)
 w - a +0 pair of boots (worn)
 y - a +2 robe of cold resistance (worn)
 C - a +0 helmet (worn)
Magical devices
 j - a wand of draining (0)
 Q - a wand of slowing (12) {unknown}
 S - a wand of frost (10)
Comestibles
 f - 4 fruits
 i - a slice of pizza
 n - 2 beef jerkies
 r - 2 meat rations
 G - 4 bread rations
Scrolls
 g - 5 scrolls of remove curse
 k - 3 scrolls of magic mapping
 l - a scroll of immolation
 o - 2 scrolls of recharging
 u - 3 scrolls of amnesia
 A - a scroll of noise
Jewellery
 h - an amulet of resist corrosion (around neck)
 s - a ring of protection from fire (left hand)
 z - a ring of wizardry (right hand)
Potions
 a - 2 potions of brilliance
 v - 2 potions of lignification
 B - 2 potions of mutation
 D - a potion of flight
Books
 b - a book of Air

   Spells                             Type                      Level
   *Shock                             Conjuration/Air              1
   *Swiftness                         Charms/Air                   2
   *Repel Missiles                    Charms/Air                   2
   *Flight                            Charms/Air                   3
   *Static Discharge                  Conjuration/Air              3
   *Lightning Bolt                    Conjuration/Air              5
 H - a book of Callings

   Spells                             Type                      Level
   Summon Small Mammal                Summoning                    1
   Call Imp                           Summoning                    2
   Call Canine Familiar               Summoning                    3
   *Summon Guardian Golem             Hexes/Summoning              4
   *Summon Lightning Spire            Summoning/Air                4
   *Summon Ice Beast                  Ice/Summoning                4
Miscellaneous
 F - a plain deck of summonings
Rods
 R - a +0 rod of ignition (13/13)
   (You found it on level 9 of the Dungeon)


   Skills:
 + Level 1.8 Fighting
 + Level 1.0(1.2) Axes
 + Level 0.8(1.1) Maces & Flails
 + Level 5.9 Dodging
 + Level 4.0 Stealth
 + Level 0.1 Unarmed Combat
 + Level 9.2 Spellcasting
 + Level 8.0 Conjurations
 + Level 1.0 Hexes
 + Level 0.3 Charms
 + Level 1.8 Summonings
 + Level 8.6 Air Magic


You couldn't memorise any spells.
You knew the following spells:

 Your Spells              Type           Power        Failure   Level  Hunger
a - Shock                 Conj/Air       ####         1%          1    None
b - Static Discharge      Conj/Air       #####...     1%          3    None
c - Swiftness             Chrm/Air       ####....     1%          2    None
d - Repel Missiles        Chrm/Air       ####..       1%          2    None
e - Lightning Bolt        Conj/Air       #####.....   3%          5    ####...
f - Summon Guardian Gole  Hex/Summ       ###.....     16%         4    ##.....
g - Flight                Chrm/Air       ####......   1%          3    None
h - Summon Lightning Spi  Summ/Air       ####....     4%          4    ##.....
i - Summon Ice Beast      Ice/Summ       ##......     22%         4    ##.....


Dungeon Overview and Level Annotations

Branches:
Dungeon (11/15)            Temple (0/1) D:6            Lair (0/8) D:11
    Orc: D:9-12

Shops:
D:4 *   D:7 [

Annotations:
D:6 Eustachio
D:11 Harold, Urug


Innate Abilities, Weirdness & Mutations

You can spit poison.


Message History

Okay, then.
Drink which item? (? for menu, Esc to quit)
You feel better.
You are engulfed in roaring flames.
You resist.
* * * LOW HITPOINT WARNING * * *
Harold points at you and mumbles some strange words.
The bolt of fire misses you.
Casting: Shock
Confirm with . or Enter, or press ? or * to list all spells.
Harold is struck by lightning.
Harold is severely wounded.
The lightning arcs!
You are struck by lightning.
* * * LOW HITPOINT WARNING * * *
The lightning arcs!
Harold is struck by lightning.
Harold is severely wounded.
The lightning grounds out.
You are engulfed in roaring flames.
You resist.
* * * LOW HITPOINT WARNING * * *
Harold points at you and mumbles some strange words.
The bolt of fire misses you.
You struggle against the net.
You are engulfed in roaring flames.
You resist.
You die...

# # ########### ###### #
#.........# ....... #
#.........# ....... #
#.........# ....... #
#.........# ###........
######........§###.'........
##.<..........§§@@Z#........
##.###........§#####.......
...# #.........# #######
#### #.........# #
#.......<.... #######.####.#
#.# #.# #.##


You could see Harold and an ogre zombie.

Vanquished Creatures
  The ghost of runewalsh the Martial Artist, an experienced OpTm of Ashenzari (D:7)
  A hill giant (D:11)
  An ugly thing (D:11)
  A two-headed ogre (D:8)
  A spriggan (D:8)
  2 hungry ghosts
  8 yaks
  A wyvern (D:9)
  A hippogriff (D:8)
  Grum (D:7)
  A soldier ant (D:11)
  4 wolves (D:8)
  The ghost of PotatoesMaster the Magician, an average DEFE of Sif Muna (D:4)
  3 sky beasts
  2 ice beasts
  A water moccasin (D:11)
  7 orc warriors
  A yellow wasp (D:11)
  A phantom (D:6)
  A necrophage (D:11)
  7 ogres
  A black bear (D:8)
  3 centaurs
  A jelly (D:7)
  A giant frog (D:8)
  An elf zombie (D:7)
  2 elf skeletons (D:7)
  7 scorpions
  17 killer bees
  11 wights
  4 crimson imps
  2 goliath beetles
  2 human zombies (D:7)
  An iron imp (D:11)
  A quasit (D:7)
  6 orc priests
  3 worker ants
  3 iguanas
  13 orc wizards
  4 hounds
  A human skeleton (D:7)
  A sky beast zombie (D:11)
  2 hound zombies
  3 gnolls (D:7)
  2 orc zombies
  11 adders
  2 shadow imps
  3 worms
  3 giant mites (D:6)
  4 giant geckos
  62 orcs
  3 ball pythons
  A bat skeleton (D:6)
  12 giant cockroaches
  8 hobgoblins
  7 jackals (D:4)
  17 kobolds
  6 quokkas
  14 bats
  2 giant gecko skeletons
  6 giant newts
  3 giant spores
  9 goblins
  A hobgoblin skeleton (D:4)
  A kobold skeleton (D:4)
  16 rats
  A rat zombie (D:6)
  7 ballistomycetes
338 creatures vanquished.

Vanquished Creatures (collateral kills)
  2 hill giants (D:10)
  Pikel (D:8)
  An ugly thing (D:11)
  A yak (D:11)
  A deep elf mage (D:10)
  An orc warrior (D:9)
  A big kobold (D:9)
  4 killer bees (D:10)
  3 wights (D:10)
  A jelly (D:11)
  2 quasits
  3 orc priests
  A worker ant (D:9)
  3 orc wizards (D:9)
  A mummy (D:10)
  3 gnolls (D:10)
  A shadow imp (D:11)
  An orc skeleton (D:10)
  11 orcs
  3 kobolds
  A bat (D:10)
46 creatures vanquished.

Vanquished Creatures (others)
  A hungry ghost (D:8)
  A yak (D:8)
  2 guardian golems (D:11)
  4 slaves (D:8)
  2 ogres (D:8)
  An ice beast (D:11)
  3 killer bees (D:7)
  2 crimson imps (D:8)
  8 lightning spires
  An iguana (D:8)
  A quokka zombie (D:8)
26 creatures vanquished.

Grand Total: 410 creatures vanquished

Notes
Turn   | Place    | Note
--------------------------------------------------------------
     0 | D:1      | Johnny, the Demigod Air Elementalist, began the quest for the Orb.
     0 | D:1      | Reached XP level 1. HP: 14/14 MP: 3/3
   149 | D:1      | Reached skill level 3 in Air Magic
   177 | D:1      | Reached skill level 1 in Conjurations
   441 | D:1      | Reached XP level 2. HP: 20/20 MP: 2/4
   998 | D:2      | Reached XP level 3. HP: 15/26 MP: 0/8
  1406 | D:2      | Learned a level 3 spell: Static Discharge
  1812 | D:3      | Noticed an ogre
  1963 | D:3      | Found a glowing golden altar of the Shining One.
  2010 | D:3      | Reached XP level 4. HP: 30/33 MP: 6/11
  2154 | D:3      | Reached XP level 5. HP: 10/38 MP: 1/13
  2788 | D:3      | Reached skill level 4 in Air Magic
  3089 | D:3      | Learned a level 2 spell: Swiftness
  3107 | D:3      | Killed an ogre
  3107 | D:3      | Reached XP level 6. HP: 40/45 MP: 1/17
  4198 | D:4      | Learned a level 2 spell: Repel Missiles
  4226 | D:4      | Reached XP level 7. HP: 50/50 MP: 13/20
  4371 | D:4      | Found Kimm's General Store.
  4380 | D:4      | Bought a scroll of identify for 26 gold pieces
  4380 | D:4      | Bought a scroll of blinking for 97 gold pieces
  4788 | D:4      | Found a shattered altar of Ashenzari.
  5626 | D:5      | Entered Level 5 of the Dungeon
  5748 | D:4      | Noticed PotatoesMaster's ghost (average DEFE)
  5756 | D:4      | Killed PotatoesMaster's ghost
  5880 | D:5      | Reached skill level 5 in Air Magic
  6180 | D:6      | Reached skill level 5 in Spellcasting
  6198 | D:6      | Learned a level 5 spell: Lightning Bolt
  6414 | D:6      | Reached XP level 8. HP: 45/58 MP: 22/22
  7388 | D:6      | Reached skill level 5 in Conjurations
  7755 | D:6      | Found a staircase to the Ecumenical Temple.
  7755 | D:6      | Noticed Eustachio
  8155 | D:6      | Reached skill level 6 in Spellcasting
  8603 | D:7      | Reached XP level 9. HP: 51/63 MP: 13/25
  8765 | D:8      | Noticed Grum
  9059 | D:7      | Reached skill level 7 in Spellcasting
  9096 | D:7      | Found a deep blue altar of Sif Muna.
  9308 | D:7      | Noticed runewalsh's ghost (experienced OpTm)
  9319 | D:7      | Killed runewalsh's ghost
  9470 | D:7      | Found Lywodusm's Antique Armour Shoppe.
  9618 | D:7      | Bought a helmet for 99 gold pieces
 10996 | D:7      | Reached skill level 1 in Fighting
 11160 | D:8      | Noticed Pikel
 11170 | D:8      | Killed Pikel
 11170 | D:8      | Reached XP level 10. HP: 48/71 MP: 28/28
 11202 | D:8      | HP: 2/71 [Grum/glowing glaive (7)]
 11530 | D:7      | Killed Grum
 11707 | D:8      | Reached skill level 8 in Spellcasting
 12126 | D:8      | Reached skill level 5 in Dodging
 13244 | D:8      | Found a stormy altar of Qazlal.
 13799 | D:8      | Found a sparkling altar of Nemelex Xobeh.
 14365 | D:9      | Learned a level 4 spell: Summon Guardian Golem
 14369 | D:9      | Learned a level 3 spell: Flight
 14374 | D:9      | Learned a level 4 spell: Summon Lightning Spire
 14834 | D:9      | Reached skill level 1 in Axes
 15379 | D:9      | Found a roughly hewn altar of Beogh.
 15452 | D:10     | Entered Level 10 of the Dungeon
 15632 | D:10     | Noticed a hill giant
 15657 | D:10     | Killed a hill giant
 16102 | D:10     | Found an ancient bone altar of Kikubaaqudgha.
 16110 | D:10     | Noticed a hill giant
 16117 | D:10     | Killed a hill giant
 16189 | D:10     | Reached skill level 1 in Summonings
 16584 | D:10     | Reached XP level 11. HP: 78/78 MP: 26/30
 16625 | D:11     | Noticed a purple ugly thing
 16657 | D:11     | Killed a purple ugly thing
 16877 | D:11     | Noticed Urug
 17195 | D:11     | Noticed a hill giant
 17209 | D:11     | Killed a hill giant
 17209 | D:11     | Reached skill level 9 in Spellcasting
 17752 | D:11     | Reached skill level 1 in Hexes
 18043 | D:11     | Learned a level 4 spell: Summon Ice Beast
 18143 | D:11     | Found a staircase to the Lair.
 18194 | D:11     | Noticed Harold
 18209 | D:11     | Gained mutation: You can spit poison. [potion of beneficial mutation]
 18214 | D:11     | Engulfed by a cloud of flame

Action                   |  1- 3 |  4- 6 |  7- 9 | 10-12 || total
-------------------------+-------+-------+-------+-------++-------
Melee: Unarmed           |     8 |       |       |       ||     8
       Dagger            |     8 |       |       |       ||     8
       Short sword       |     6 |     4 |       |       ||    10
       Hand axe          |       |     8 |    73 |    31 ||   112
       Flail             |       |       |       |    53 ||    53
       Scimitar          |       |       |       |     3 ||     3
 Cast: Shock             |    99 |   127 |   330 |   169 ||   725
       Static Discharge  |     1 |    14 |   103 |    60 ||   178
       Repel Missiles    |       |     1 |     2 |       ||     3
       Lightning Bolt    |       |       |    10 |    22 ||    32
       Summon Lightning  |       |       |       |    46 ||    46
       Flight            |       |       |       |     2 ||     2
       Summon Guardian G |       |       |       |     9 ||     9
       Swiftness         |       |       |       |     3 ||     3
       Summon Ice Beast  |       |       |       |     1 ||     1
Evoke: Wand              |       |       |       |     1 ||     1
  Use: Scroll            |     6 |     5 |    10 |    10 ||    31
       Potion            |     5 |       |     3 |     9 ||    17
 Stab: Sleeping          |     1 |       |     2 |       ||     3
  Eat: Chunk             |     1 |     7 |     3 |     7 ||    18
       Bread ration      |     1 |       |     1 |     2 ||     4
       Meat ration       |       |       |     3 |     2 ||     5
       Fruit             |       |       |     3 |       ||     3
       Royal jelly       |       |       |     1 |     1 ||     2
       Beef jerky        |       |       |     1 |     2 ||     3
